 Dungeon Crawl Stone Soup version 0.17.1-1-g73c8601 (webtiles) character file.

20 Implojin the Ruffian (level 2, 0/29 HPs)
             Began as a Troll Fighter on Apr 8, 2016.
             Succumbed to an adder's poison
             ... on level 3 of the Dungeon.
             The game lasted 00:00:47 (116 turns).

Implojin the Ruffian (Troll Fighter)                 Turns: 116, Time: 00:00:47

Health: 0/29       AC:  5    Str: 23    XL:     2   Next: 58%
Magic:  1/1        EV:  8    Int:  4    God:
Gold:   10         SH:  8    Dex:  9    Spells: 0 memorised, 1 level left

rFire  . . .     SeeInvis .       - Unarmed
rCold  . . .     Clarity  .     a - +0 robe
rNeg   . . .     SustAt   .     b - +0 shield
rPois  .         Gourm    +     (helmet restricted)
rElec  .         Spirit   .     (no cloak)
rCorr  .         Warding  .     (gloves unavailable)
rMut   .         Stasis   .     (boots unavailable)
MR     .....                    (no amulet)
Stlth  +.........               (no ring)
                                (no ring)

@: lethally poisoned (0 -> -1), not resistant to hostile enchantments, very
unstealthy
A: unfitting armour, claws 3, fast metabolism 3, gourmand, regeneration 2,
shaggy fur 1, tough skin 2
a: no special abilities


You were on level 3 of the Dungeon.
You were not hungry.

You visited 1 branch of the dungeon, and saw 3 of its levels.

You collected 10 gold pieces.

Inventory:

Armour
 a - a +0 robe (worn)
 b - a +0 shield (worn)
Scrolls
 e - 2 scrolls of teleportation {unknown}
Potions
 c - a potion of might
Comestibles
 d - 2 bread rations
 f - a slice of pizza
 g - a meat ration


   Skills:
 - Level 2.4 Fighting
 - Level 2.4 Dodging
 - Level 2.4 Shields
 * Level 3.2 Unarmed Combat


You had one spell level left.
You didn't know any spells.

Dungeon Overview and Level Annotations

Branches:
Dungeon (3/15)

Altars:


Innate Abilities, Weirdness & Mutations

You are too large for most types of armour.
You have claws for hands.
Your metabolism is lightning-fast.
You like to eat raw meat.
You heal very quickly.
You are covered in fur (AC +1).
You have very tough skin (AC +2).


Message History

The adder is severely wounded.
The orc wizard mumbles some strange words.
The orc wizard blinks!
The adder bites you.
The orc wizard gestures at you while chanting.
The magic dart hits you!
* * * LOW HITPOINT WARNING * * *
You block the hobgoblin's attack.
You miss the adder.
The adder is severely wounded.
The adder bites you but does no damage. You block the adder's attack.
You block the orc's attack.
Unknown command.
You barely miss the adder.
The adder is severely wounded.
You block the hobgoblin's attack.
The orc wizard gestures wildly while chanting.
The orc wizard blinks!
The adder bites you.
* * * LOW HITPOINT WARNING * * *
You are poisoned.
The adder poisons you!
An orc comes into view. It is wielding a club.
You claw the adder!
You kill the adder!
Your Unarmed Combat skill increases to level 3!
You feel sick. The orc completely misses you. You block the hobgoblin's attack.
An orc priest comes into view.
Unknown command.
You claw the orc wizard!
The orc wizard is severely wounded.
The orc wizard hits you but does no damage.
You block the hobgoblin's attack. The orc barely misses you.
The orc priest mumbles some strange prayers to Beogh against you.
Something smites you!
Ouch! That really hurt!
* * * LOW HITPOINT WARNING * * *
You hear a shout!
Unknown command.
You scratch the orc wizard but do no damage.
The orc wizard is severely wounded.
You die...

.. . .## .# ..#
###.### # ..
....... #..
#.##.......
#....#o.........
#..S...o........
#.....##oo..<...
#.... #@g......
#..o #........
### #........
##.......
....... #######


You could see an orc priest, an orc wizard, 2 orcs and a hobgoblin.

Vanquished Creatures
  An adder (D:3)
  An ooze (D:1)
  A giant gecko (D:2)
  A kobold (D:2)
  A quokka (D:3)
  A rat (D:1)
6 creatures vanquished.

Notes
Turn   | Place    | Note
--------------------------------------------------------------
     0 | D:1      | Implojin the Troll Fighter began the quest for the Orb.
     0 | D:1      | Reached XP level 1. HP: 22/22 MP: 0/0
    66 | D:2      | Reached XP level 2. HP: 23/29 MP: 1/1
   114 | D:3      | Reached skill level 3 in Unarmed Combat
   115 | D:3      | HP: 1/29 [orc priest/divine providence (16)]
   116 | D:3      | Succumbed to an adder's poison

Action                   || total
-------------------------++-------
Melee: Unarmed           ||    25

Table legend:
 A = Turns spent in this place as a percentage of turns spent in the entire game.
 B = Non-inter-level travel turns spent in this place as a percentage of non-inter-level travel turns spent in the entire game.
 C = Inter-level travel turns spent in this place as a percentage of turns spent in this place.
 D = Turns resting spent in this place as a percentage of non-inter-level travel turns spent in this place.
 E = Turns spent auto-exploring this place as a percentage of non-inter-level travel turns spent in this place.
 F = Non-inter-level travel turns spent in this place divided by the number of levels of this place that you've seen.
                   A       B       C       D       E      F
               +-------+-------+-------+-------+-------+----------------------
         Total | 100.0 | 100.0 |   0.0 |   0.0 |   0.0 |  36.7
       Dungeon | 100.0 | 100.0 |   0.0 |   0.0 |   0.0 |  36.7
               +-------+-------+-------+-------+-------+----------------------

Table legend:
 A = Kills in this place as a percentage of kills in entire the game.
 B = Kills by you in this place as a percentage of kills by you in the entire game.
 C = Kills by friends in this place as a percentage of kills by friends in the entire game.
 D = Other kills in this place as a percentage of other kills in the entire game.
 E = Experience gained in this place as a percentage of experience gained in the entire game.
 F = Experience gained in this place divided by the number of levels of this place that you have seen.
                   A       B       C       D       E      F
               +-------+-------+-------+-------+-------+----------------------
         Total | 100.0 | 100.0 |  -nan |  -nan | 100.0 |   9.7
       Dungeon | 100.0 | 100.0 |  -nan |  -nan | 100.0 |   9.7
               +-------+-------+-------+-------+-------+----------------------
